cohdb
Replays
Latest Replays
All Replays
Popular Replays
Top Player Replays
Match Explorer
How It Works
Community
CoH3 Stats
Reddit
Sign in to upload your games and track your stats! →
Sign in with Steam
Match 43778278
Unlisted
Match 43778278
Overview
Messages
Build Orders
End
Construct Barracks
Riflemen Squad
M1 Mortar Team
Riflemen Squad
Riflemen Squad
Mechanized Support Center
Construct Motor Pool
M8 Greyhound Armored Car
Selects Armored Battlegroup
Selects Veteran Crews
Designate Forward Repair Station
1⁄4-ton 4x4 Truck
M1 Anti-tank Gun Team
Engineer Squad
.30 cal Machine Gun
Construct Tank Depot
Selects M31 Recovery Vehicle
Selects War Machine
M31 Recovery Vehicle
Riflemen Squad
M1 Anti-tank Gun Team
M1 Anti-tank Gun Team
Ebil
BizDerkie(Asger)
rdk
Kelty
Creutzfeldt
Captain Winters
ChuCky76630
Oncle-Hô
0
0
Comments
sign in to comment!
No comments posted yet!